 Dungeon Crawl Stone Soup version 0.20.0-15-g7f486f2 (webtiles) character file.

606 anfisbena the Slasher (level 7, -3/52 HPs)
             Began as a Demonspawn Abyssal Knight on June 14, 2017.
             Was a Priest of Lugonu.
             Succumbed to Edmund's poison
             ... on level 4 of the Dungeon.
             The game lasted 00:05:47 (3125 turns).

anfisbena the Slasher (Demonspawn Abyssal Knight)   Turns: 3125, Time: 00:05:47

Health: -3/52      AC: 15    Str: 15    XL:     7   Next: 19%
Magic:  2/8        EV:  6    Int: 14    God:    Lugonu [***...]
Gold:   122        SH:  0    Dex: 14    Spells: 6/6 levels left

rFire    + . .     SeeInvis .   a - +1 falchion
rCold    + . .     Gourm    .   (no shield)
rNeg     . . .     Faith    .   f - +0 chain mail
rPois    +         Spirit   +   (helmet restricted)
rElec    +         Reflect  .   s - scarf {Spirit}
rCorr    +         Harm     .   (no gloves)
MR       .....                  (no boots)
Stlth    ..........             t - amulet of rage
Regen    0.2/turn               e - +3 ring of strength
MPRegen  0.2/turn               x - +1 ring of protection

@: lethally poisoned (-3 -> -69), resistant, sanguine armour
A: antennae 2, powered by death 1, spiny 1, sanguine armour 1
a: Depart the Abyss, Bend Space, Banish, Renounce Religion, Evoke Berserk Rage


You were on level 4 of the Dungeon.
You worshipped Lugonu.
Lugonu was most pleased with you.
You were not hungry.

You visited 1 branch of the dungeon, and saw 4 of its levels.
You visited the Abyss 1 time.

You collected 122 gold pieces.

Inventory:

Hand Weapons
 a - a +1 falchion (weapon)
Armour
 f - a +0 chain mail (worn)
 s - a scarf of spirit shield (worn)
Jewellery
 e - a +3 ring of strength (left hand)
 t - an amulet of rage (around neck)
 x - a +1 ring of protection (right hand)
Scrolls
 i - 4 scrolls of identify {unknown}
 j - a scroll of fog {unknown}
 m - 2 scrolls of remove curse {unknown}
 p - 2 scrolls of magic mapping {unknown}
 q - 2 scrolls of teleportation {unknown}
 r - a scroll of noise {unknown}
Potions
 b - a potion of curing {unknown}
 g - a potion of mutation {unknown}
 h - a potion of flight {unknown}
 l - a potion of berserk rage {unknown}
 n - 2 potions of resistance
 o - a potion of haste {unknown}
 v - 2 potions of cancellation {unknown}
 w - a potion of agility {unknown}
Comestibles
 c - 3 bread rations
 d - 3 meat rations
 u - 4 chunks of flesh


   Skills:
 - Level 3.0 Fighting
 + Level 7.3 Long Blades
 - Level 1.7 Armour
 - Level 0.8 Dodging
 - Level 2.4 Invocations


You had 6 spell levels left.
You didn't know any spells.

Dungeon Overview and Level Annotations

Branches:
Dungeon (4/15)
 Temple: D:4-7

Altars:
Nemelex Xobeh
Uskayaw

Shops:
D:4 *

Annotations:
D:4 Edmund


Innate Abilities, Weirdness & Mutations

You have a pair of antennae on your head.
You regenerate a little health from kills.
You are partially covered in sharp spines.
When seriously injured, your bleeding wounds create armour. (AC +6)


Message History

Edmund is almost dead.
* * * LOW HITPOINT WARNING * * *
You feel very sick. Edmund barely misses you.
You closely miss Edmund.
Edmund is almost dead.
* * * LOW HITPOINT WARNING * * *
You feel very sick.
Edmund hits you with a dire flail of venom!
* * * LOW HITPOINT WARNING * * *
You are more poisoned.
You hit Edmund but do no damage.
Edmund is almost dead.
* * * LOW HITPOINT WARNING * * *
You feel very sick. Edmund hits you but does no damage.
You are more poisoned.
It was a potion of resistance.
You feel protected.
You die...

...#.##### .#
........# .# $.
#+##..##.# .#
...#........####.#
.................#
.........$###...####
...................#
........#######@##.#
......... #@##.#
......... #.##.#
##..##$...# #..#.# ##.
#.......###.#.#
...##.............#
###..###.....####...#
. #..# #....<####...#
.##... #.....#....#.#
..#.#.##....##.#'##.##


You could see Edmund.

Vanquished Creatures
  An eye of draining (Abyss:1)
  The ghost of anfisbena the Slasher, an amateur VSFi (D:3)
  A bullfrog (D:3)
  A scorpion (D:4)
  A hound (D:3)
  3 orc wizards (D:3)
  An orc priest (D:3)
  A centaur skeleton (D:4)
  A worker ant (D:4)
  Robin (D:2)
  5 adders
  2 worms (D:2)
  2 dart slugs
  A leopard gecko (D:1)
  11 orcs (D:3)
  3 giant cockroaches
  17 goblins
  8 hobgoblins
  6 jackals
  A ball python (D:2)
  5 bats
  A frilled lizard (D:3)
  8 kobolds
  6 rats
88 creatures vanquished.

Notes
Turn   | Place    | Note
-------+----------+-------------------------------------------
     0 | Abyss:1  | anfisbena the Demonspawn Abyssal Knight began the quest for the Orb.
     0 | Abyss:1  | Reached XP level 1. HP: 18/18 MP: 2/2
    83 | Abyss:1  | Noticed an eye of draining
    97 | Abyss:1  | Killed an eye of draining
    97 | Abyss:1  | Reached skill level 4 in Long Blades
    97 | Abyss:1  | Gained mutation: You have a pair of small antennae on your head. [demonic ancestry]
    97 | Abyss:1  | Reached XP level 2. HP: 24/24 MP: 0/3
    97 | Abyss:1  | Gained mutation: When seriously injured, your bleeding wounds create armour. (AC +6) [demonic ancestry]
    97 | Abyss:1  | Reached XP level 3. HP: 29/29 MP: 0/4
    97 | Abyss:1  | Gained mutation: You are partially covered in sharp spines. [demonic ancestry]
    97 | Abyss:1  | Reached XP level 4. HP: 35/35 MP: 0/5
    99 | D:1      | Escaped the Abyss
   674 | D:2      | Noticed Robin
   694 | D:2      | Killed Robin
   694 | D:2      | Reached ** piety under Lugonu
   840 | D:2      | Gained mutation: You regenerate a little health from kills. [demonic ancestry]
   840 | D:2      | Reached XP level 5. HP: 41/41 MP: 6/6
  1224 | D:2      | Found a sparkling altar of Nemelex Xobeh.
  1227 | D:2      | Reached skill level 5 in Long Blades
  1857 | D:3      | Noticed anfisbena's ghost (amateur VSFi)
  1872 | D:3      | Killed anfisbena's ghost
  1872 | D:3      | Gained mutation: You have a pair of antennae on your head. [demonic ancestry]
  1872 | D:3      | Reached XP level 6. HP: 15/47 MP: 3/7
  1954 | D:3      | Reached skill level 6 in Long Blades
  2136 | D:3      | Found a hide-covered altar of Uskayaw.
  2404 | D:3      | Reached *** piety under Lugonu
  2868 | D:4      | Reached skill level 7 in Long Blades
  2868 | D:4      | Reached XP level 7. HP: 45/52 MP: 5/8
  3058 | D:4      | Found Cuescheo's General Store.
  3078 | D:4      | Noticed Edmund
  3107 | D:4      | HP: 2/52 [poisoned by Edmund]
  3124 | D:4      | HP: 2/52 [poisoned by Edmund]
  3125 | D:4      | Succumbed to Edmund's poison

Skill      XL: |  1  2  3  4  5  6 |
---------------+-------------------+-----
Long Blades    | 4 5 7 |  7.3
Fighting       | |  3.0
Armour         | |  1.7
Dodging        | |  0.8
Invocations    | |  2.4

Action                   |  1- 3 |  4- 6 |  7- 9 || total
-------------------------+-------+-------+-------++-------
Melee: Falchion          |     9 |   160 |    42 ||   211
  Use: Potion            |       |       |     5 ||     5
  Eat: Chunk             |       |     6 |     1 ||     7
Armor: Chain mail        |       |    98 |    16 ||   114
Dodge: Dodged            |       |    56 |    12 ||    68
       Rpst.: Falchion   |       |    17 |     2 ||    19
